 Dungeon Crawl Stone Soup version bcrawl-1.19.1 (webtiles) character file.

Game seed: 13678883076713079175

168130 MisterOstroum the Scorcher (level 17, 46/104 HPs)
             Began as an Avariel Fire Elementalist on Nov 19, 2019.
             Was a High Priest of Sif Muna.
             Quit the game on level 3 of the Snake Pit on Nov 21, 2019.
             The game lasted 01:22:45 (35740 turns).

MisterOstroum the Scorcher (AvFE)                  Turns: 35740, Time: 01:22:45

Health: 46/104     AC: 13    Str:  9    XL:     17   Next: 64%
Magic:  2/36       EV: 22    Int: 29    God:    Sif Muna [*****.]
Gold:   400        SH:  0    Dex: 13    Spells: 1/43 levels left

rFire    + . .     SeeInvis .   b - +9 fustibalus
rCold    x . .     Gourm    .   (no shield)
rNeg     . . .     Faith    .   A - +2 robe {MR+}
rPois    +         Spirit   .   (no helmet)
rElec    .         Reflect  .   U - +2 cloak {+Inv}
rCorr    .         Harm     .   N - +2 pair of gloves {Str+3}
MR       ++...                  y - +2 pair of boots
Stlth    ++........             c - amulet of magic regeneration
HPRegen  0.27/turn              d - ring of fire
MPRegen  0.50/turn              K - ring of poison resistance

@: flying quickly and evasively, very slightly contaminated, divine energy,
quick
A: able to fly
}: 1/15 runes: decaying
a: Stop Flying, Stop Divine Energy, Channel Magic, Forget Spell, Renounce
Religion, Evoke Invisibility


You were on level 3 of the Snake Pit.
You worshipped Sif Muna.
Sif Muna was extremely pleased with you.
You were not hungry.

You visited 5 branches of the dungeon, and saw 25 of its levels.
You visited 1 bazaar.
You also visited: Ice Cave.

You collected 1675 gold pieces.
You spent 1275 gold pieces at shops.

Inventory:

Hand Weapons
 a - the +5 double sword of Buga {holy, Str+5 Int-3 Dex+10}
   (You bought it in a shop in a bazaar)

   It has been blessed by the Shining One to cause great damage to the undead
   and demons.
   It affects your strength (+5).
   It affects your intelligence (-3).
   It affects your dexterity (+10).
 b - a +9 fustibalus (weapon)
 j - a +0 dagger
Missiles
 n - 5344 stones (quivered)
 S - 4 throwing nets {!f!f}
Armour
 y - a +2 pair of boots (worn)
 A - a +2 robe of magic resistance (worn)
 J - a +0 robe of fire resistance
 N - a +2 pair of gloves of strength (worn)
 U - a +2 cloak of invisibility (worn)
Jewellery
 c - an amulet of magic regeneration (around neck)
 d - a ring of fire (left hand)
 f - an uncursed amulet of the acrobat
 p - a +4 ring of intelligence
 s - an uncursed ring of positive energy
 G - an uncursed ring of protection from magic
 K - a ring of poison resistance (right hand)
 V - an uncursed ring of ice
Wands
 i - a wand of clouds (6)
 m - a wand of acid (12)
 D - a wand of paralysis (32)
 E - a wand of digging (10)
 I - a wand of polymorph (12)
 T - a wand of iceblast (32)
Scrolls
 h - 10 scrolls of teleportation {@r3 !r}
 u - a scroll of immolation
 B - 2 scrolls of magic mapping
 C - 16 scrolls of remove curse {@r2}
 F - 4 scrolls of fog
 M - 3 scrolls of fear {!r}
 Q - 4 scrolls of blinking {@r4}
 R - a scroll of enchant armour
Potions
 g - 3 potions of berserk rage
 k - 5 potions of might {@q3 !q}
 l - 3 potions of curing {@q1 !q}
 o - 5 potions of flight
 q - 4 potions of haste {@q4 !q}
 r - 4 potions of agility {@q5 !q}
 t - 2 potions of invisibility
 v - 4 potions of heal wounds {@q2 !q}
 w - 5 potions of lignification {@q6}
 x - 5 potions of brilliance
 z - 2 potions of ambrosia
 L - a potion of magic
 O - 3 potions of mutation
 W - a potion of resistance
Miscellaneous
 H - 3 boxes of beasts
 P - a phial of floods
 X - a lamp of fire
Comestibles
 e - 26 rations {!d}
 Y - 4 chunks of flesh


   Skills:
 - Level 11.0 Fighting
 - Level 11.4 Dodging
 - Level 2.1 Stealth
 - Level 13.8 Spellcasting
 - Level 15.1 Conjurations
 * Level 18.6 Fire Magic
 - Level 10.0 Invocations
 - Level 10.0 Evocations


You had one spell level left.
You knew the following spells:

 Your Spells              Type           Power        Failure   Level  Hunger
a - Bolt of Magma         Conj/Fire/Erth #######...   1%          5    None
b - Sticky Flame          Conj/Fire      ########     1%          4    None
c - Fireball              Conj/Fire      ########..   1%          5    None
d - Throw Icicle          Conj/Ice       ######..     1%          4    None
e - Searing Ray           Conj           ######       0%          2    None
f - Ignition              Fire           ########..   9%          8    #######
h - Conjure Flame         Conj/Fire      ########     0%          3    None
i - Bolt of Fire          Conj/Fire      ########..   1%          6    ####...
Z - Irradiate             Conj/Tmut      ######....   3%          5    None

Your spell library contained the following spells:

 Spells                   Type           Power        Failure   Level  Hunger
 Flame Tongue             Conj/Fire      #####        0%          1    None
 Magic Dart               Conj           ####         0%          1    None
 Shock                    Conj/Air       #####        1%          1    None
 Sting                    Conj/Pois      ####         1%          1    None
 Apportation              Tloc           ###...       2%          1    None
 Freeze                   Ice            ###...       2%          1    None
 Infusion                 Chrm           ###.....     2%          1    None
 Sandblast                Erth           ###...       2%          1    None
 Slow                     Hex            ###.....     2%          1    None
 Summon Butterflies       Summ           ###.....     2%          1    None
 Summon Small Mammal      Summ           ###.         2%          1    None
 Iskenderun's Mystic Bla  Conj           #######.     0%          3    None
 Flaming Arrows           Chrm/Fire      #######.     1%          2    None
 Throw Frost              Conj/Ice       ######       1%          2    None
 Dazzling Spray           Conj/Hex       ######       1%          3    None
 Ignite Poison            Fire/Tmut/Pois ######..     1%          3    None
 Inner Flame              Hex/Fire       N/A          1%          3    None
 Mephitic Cloud           Conj/Pois/Air  #####...     1%          3    None
 Stone Arrow              Conj/Erth      ######       1%          3    None
 Call Imp                 Summ           ###...       3%          2    None
 Ensorcelled Hibernation  Hex/Ice        ###...       3%          2    None
 Iskenderun's Battlesphe  Conj/Chrm      ######..     3%          5    None
 Lightning Bolt           Conj/Air       ######....   3%          5    None
 Venom Bolt               Conj/Pois      ######....   3%          5    None
 Orb of Destruction       Conj           #######...   4%          7    #####..
 Call Canine Familiar     Summ           ###.....     8%          3    None
 Leda's Liquefaction      Hex/Erth       ###.......   8%          3    None
 Ozocubu's Armour         Chrm/Ice       ###.....     8%          3    None
 Portal Projectile        Tloc           ###...       8%          3    None
 Static Discharge         Air            ###.....     8%          3    None
 Steam Barrier            Chrm/Fire      #######...   9%          6    ####...
 Conjure Ball Lightning   Conj/Air       ######....   17%         6    ####...
 Iron Shot                Conj/Erth      ######....   17%         6    ####...
 Poison Arrow             Conj/Pois      ######....   17%         6    ####...
 Ice Form                 Ice/Tmut       ###.....     26%         4    None
 Summon Ice Beast         Ice/Summ       ###.....     26%         4    None
 Blade Hands              Tmut           ###.......   56%         5    None
 Silence                  Hex/Air        ###.......   56%         5    None
 Summon Lightning Spire   Summ/Air       ###.....     56%         5    None
 Spellforged Servitor     Conj/Summ      ######....   67%         7    #####..
 Deflect Missiles         Chrm/Air       ###.......   98%         6    ####...
 Freezing Cloud           Ice/Air        ###.......   98%         6    ####...
 Chain Lightning          Conj/Air       ######....   100%        8    #######
 Discord                  Hex            ###.......   100%        8    #######
 Glaciate                 Conj/Ice/Air   #####.....   100%        8    #######
 Lehudib's Crystal Spear  Conj/Erth      ######....   100%        8    #######
 Tornado                  Air            ###.......   100%        9    #######


Dungeon Overview and Level Annotations

Branches:
Dungeon (12/12)            Temple (1/1) D:6            Lair (6/6) D:7
  Swamp (3/3) Lair:3        Snake (3/3) Lair:2        Slime (0/5) Lair:5
    Orc (0/1) D:11         Vaults (0/3) D:11
 Depths: D:12

Altars:
Ashenzari
Cheibriados
Elyvilon
Gozag
Hepliaklqana
Lugonu
Makhleb
Nemelex Xobeh
Qazlal
Sif Muna
Trog
Uskayaw
Vehumet
Wu Jian
Xom
Yredelemnul
Zin
Jiyva

Shops:
D:5 *   D:7 !   D:9 :   D:11 =[   Snake:2 }}

Annotations:
Swamp:2 3 runed translucent doors, Ratty's ghost, journeyman MiAc
Snake:3 1 runed translucent door, 1 exclusion, Akuuror's ghost, adept GrFi


Innate Abilities, Weirdness & Mutations

You can fly continuously.


Message History

Confirm with . or Enter, or press ? or * to list all spells.
Aiming: Bolt of Fire (safe; 1% risk of failure)
Press: ? - help, Shift-Dir - straight line, f - black mamba
Aim: a black mamba (severely wounded)
You feel a surge of power!
The bolt of fire hits the anaconda.
You kill the anaconda!
Sif Muna accepts your kill.
The bolt of fire hits the black mamba.
You kill the black mamba!
Sif Muna accepts your kill.
You see here a book of Misfortune.
Sif Muna grants you a gift! Sif Muna grants you divine energy.
You briefly lose access to your magic!
Your surroundings suddenly seem different.
A shock serpent comes into view.
A black mamba comes into view. 2 nagas and a rakshasa come into view.
The rakshasa is wielding a +2 whip of electrocution.
The naga shouts!
You hear a shout!
The black mamba hisses angrily.
You hear an angry hiss.
A black mamba comes into view.
The rakshasa blinks!
Really read
h - 12 scrolls of teleportation {@r3 !r}?
As you read the scroll of teleportation {@r3 !r}, it crumbles to dust.
You feel strangely unstable.
The rakshasa weaves an illusion.
The shock serpent shimmers and seems to become two!
The shock serpent bites you! The shock serpent shocks you!
Okay, then.
The shock serpent barely misses you.
The shock serpent shoots out a bolt of lightning at you!
The bolt of electricity hits you! The shock serpent closely misses you.
You are unable to access your magic!
Unknown command.
Really quaff
v - 6 potions of heal wounds {@q2 !q}?
You feel much better.
The shock serpent completely misses you.
The shock serpent misses you.
The rakshasa hits you with a +2 whip of electrocution!
You are electrocuted!
The shock serpent shoots out a bolt of lightning at you!
The bolt of electricity hits you!
You regain access to your magic.
The shock serpent shoots out a bolt of lightning at you!
The bolt of electricity misses you.
The shock serpent shoots out a bolt of lightning at you!
The bolt of electricity hits you!
* * * LOW HITPOINT WARNING * * *
The rakshasa hits you with a +2 whip of electrocution.
* * * LOW HITPOINT WARNING * * *
Your surroundings suddenly seem different.
A naga comes into view.
It is wielding a +2 scimitar of holy wrath.
A naga sharpshooter comes into view. It is wielding a +0 mace.
The naga sharpshooter spits poison at you.
The splash of poison misses you.
The naga sharpshooter unwields a +0 mace.
The naga sharpshooter wields a +0 arbalest.
The naga sharpshooter casts a spell.
The naga sharpshooter magically shoots a bolt.
The bolt hits you.
* * * LOW HITPOINT WARNING * * *
You hear a shout!
Really read
h - 11 scrolls of teleportation {@r3 !r}?
As you read the scroll of teleportation {@r3 !r}, it crumbles to dust.
You feel strangely unstable.
Really quaff
v - 5 potions of heal wounds {@q2 !q}?
You feel much better.
Eat one of 6 chunks of flesh? (ye/n/q)
You eat one of the 6 chunks of flesh.
This raw flesh tastes terrible.
You are feeling hungry.
Found a stone staircase leading up.
Your surroundings suddenly seem different.
Found a great sword.
A naga mage comes into view. It is wielding a +0 club.
The naga mage shouts!
You hear a shout!
Casting: Bolt of Fire (safe; 1% risk of failure)
Confirm with . or Enter, or press ? or * to list all spells.
Aiming: Fireball (safe; 1% risk of failure)
Press: ? - help, Shift-Dir - straight line You feel a surge of power!
The fireball explodes!
The fireball engulfs the naga mage.
The naga mage is almost dead.
Casting: Fireball (safe; 1% risk of failure)
Confirm with . or Enter, or press ? or * to list all spells.
Aiming: Fireball (safe; 1% risk of failure)
Press: ? - help, Shift-Dir - straight line You feel a surge of power!
The fireball explodes!
The fireball engulfs the naga mage.
You kill the naga mage!
Sif Muna accepts your kill.
You start resting.
Eating one of 5 chunks of flesh.
You eat one of the 5 chunks of flesh.
This raw flesh tastes terrible.
The naga sharpshooter is too close now for your liking.
Casting: Fireball (safe; 1% risk of failure)
Confirm with . or Enter, or press ? or * to list all spells.
You can't see any susceptible monsters within range! (Use Z to cast anyway.) Unknown command.
Are you sure you want to abandon this character and quit the game? (Confirm with "yes".)

#}#.##'.S≈...........
# #..♣≈§N.........
#.##≈.#)........
#..##.#........)
##.##.#.........
#:.#.#......... ..#
##v#.#......... ..#
#.#.#......... ..#
#.#.#@........ ..#
#.#'######.... ..##
#......# #### †))#
#......# ...##
#.[....# .÷..#
#..)...# .)..#
###'#### #÷.†######
#...# ###...)..#
###.###########


You could see a naga sharpshooter.

Vanquished Creatures
  Rupert (Snake:1)
  2 thorn hunters
  4 nagarajas
  Frances (Swamp:2)
  Donald (Swamp:3)
  Aizul (Swamp:3)
  Nessos (Lair:4)
  4 dire elephants (Lair:6)
  2 rakshasas
  Harold (Lair:1)
  Fannar (Lair:1)
  A vault guard (D:11)
  A ghost crab (Swamp:2)
  5 shambling mangroves
  19 alligators
  2 naga warriors
  29 hydras
  7 anacondas
  2 two-headed ogres
  5 centaur warriors
  3 death yaks
  3 shock serpents
  2 naga sharpshooters
  A salamander mystic (Snake:1)
  4 spriggan druids
  11 swamp dragons
  2 naga ritualists
  4 lindwurms (Lair:3)
  2 cyclopes (D:10)
  A necromancer (IceCv)
  3 mana vipers
  2 ugly things
  7 salamanders
  4 manticores
  2 centaur zombies (D:10)
  18 black mambas
  8 elephants
  12 naga magi
  7 guardian serpents
  3 ice statues (IceCv)
  2 centaur skeletons (D:11)
  22 cane toads
  3 rime drakes
  6 komodo dragons
  An efreet (D:11)
  8 ice devils (IceCv)
  A troll (D:10)
  A queen bee (D:9)
  Prince Ribbit (D:7)
  8 tyrant leeches
  14 hornets
  6 hippogriffs
  5 dream sheep (Lair:6)
  3 bog bodies (Swamp:1)
  9 slime creatures (Swamp:3)
  11 blink frogs
  A spriggan (Swamp:2)
  3 basilisks
  10 humans (D:11)
  24 yaks
  A steam dragon (D:7)
  3 hungry ghosts
  12 swamp worms
  21 vampire mosquitoes
  8 insubstantial wisps
  18 nagas
  An acid dragon (D:10)
  15 water moccasins
  6 sky beasts
  2 ice beasts
  7 porcupines
  11 swamp drakes
  3 black bears
  4 orc warriors
  An eye of draining (D:10)
  2 phantoms
  10 centaurs
  2 ogres
  3 boggarts (Swamp:3)
  9 wolves
  15 crocodiles
  A big kobold (D:9)
  11 bullfrogs
  A gnoll sergeant (D:5)
  2 scorpions
  28 killer bees
  8 wights
  2 electric eels (D:9)
  A howler monkey (D:10)
  A crimson imp (D:8)
  3 hounds
  7 orc priests
  9 orc wizards
  2 draconian simulacra (IceCv)
  A bullfrog skeleton (D:5)
  Natasha (thrice) (D:3)
  8 iguanas
  6 worker ants
  4 troll simulacra (IceCv)
  2 centaur simulacra (IceCv)
  3 hound skeletons
  9 gnolls
  A naga simulacrum (IceCv)
  An ogre simulacrum (IceCv)
  3 adders
  3 shadow imps
  2 oozes (D:3)
  An adder skeleton (D:3)
  4 worms
  7 leopard geckos
  38 orcs
  5 giant cockroaches
  6 goblins
  12 hobgoblins
  14 jackals
  14 kobolds
  5 quokkas
  A ball python (D:3)
  4 bats
  3 frilled lizards
  A jackal skeleton (D:6)
  A jackal zombie (D:6)
  6 rats
  6 plants (Lair:6)
732 creatures vanquished.

Vanquished Creatures (others)
  A human (D:11)
  A basilisk (D:7)
  3 fungi
  8 plants
13 creatures vanquished.

Grand Total: 745 creatures vanquished

Notes
Turn   | Place    | Note
-------+----------+-------------------------------------------
     0 | D:1      | MisterOstroum the Avariel Fire Elementalist began the quest
                  | for the Orb.
     0 | D:1      | Reached XP level 1. HP: 10/10 MP: 6/6
   223 | D:1      | Reached XP level 2. HP: 15/15 MP: 5/7
   775 | D:1      | Reached XP level 3. HP: 19/19 MP: 7/9
  1307 | D:2      | Learned a level 3 spell: Conjure Flame
  1441 | D:2      | Reached skill level 5 in Conjurations
  1441 | D:2      | Reached XP level 4. HP: 24/24 MP: 5/10
  2287 | D:3      | Noticed Natasha
  2811 | D:3      | Killed Natasha
  2811 | D:3      | Reached skill level 4 in Fire Magic
  2811 | D:3      | Reached XP level 5. HP: 25/28 MP: 8/11
  2972 | D:3      | Noticed Natasha
  2977 | D:3      | Killed Natasha
  2993 | D:3      | Noticed Natasha
  3056 | D:3      | Killed Natasha
  3076 | D:4      | Noticed an ogre
  3080 | D:4      | Killed an ogre
  3080 | D:4      | Reached XP level 6. HP: 32/32 MP: 8/13
  3159 | D:4      | Reached skill level 5 in Fire Magic
  3325 | D:4      | Learned a level 5 spell: Fireball
  3639 | D:4      | Found a stormy altar of Qazlal.
  3762 | D:5      | Entered Level 5 of the Dungeon
  3850 | D:5      | Noticed a sky beast
  4012 | D:5      | Reached XP level 7. HP: 33/36 MP: 8/15
  4115 | D:5      | Reached skill level 6 in Fire Magic
  4322 | D:5      | Found Waffoe's General Store.
  4330 | D:5      | Bought a scroll of noise for 15 gold pieces
  4330 | D:5      | Bought a scroll of identify for 30 gold pieces
  4330 | D:5      | Bought a potion of heal wounds for 75 gold pieces
  4330 | D:5      | Bought a potion of brilliance for 60 gold pieces
  4481 | D:5      | Learned a level 4 spell: Sticky Flame
  4776 | D:6      | Reached skill level 5 in Spellcasting
  4900 | D:6      | Reached XP level 8. HP: 39/41 MP: 1/17
  5037 | D:6      | Reached skill level 7 in Fire Magic
  6025 | D:6      | Found a staircase to the Ecumenical Temple.
  6034 | Temple   | Entered the Ecumenical Temple
  6061 | Temple   | Became a worshipper of Sif Muna the Loreminder
  6185 | D:6      | Reached skill level 10 in Conjurations
  6320 | D:7      | Found a white marble altar of Elyvilon.
  6353 | D:7      | Reached skill level 8 in Fire Magic
  6357 | D:7      | Gained mutation: You can fly continuously. [Avariel growth]
  6357 | D:7      | Reached XP level 9. HP: 30/45 MP: 1/19
  6516 | D:7      | Reached * piety under Sif Muna
  6673 | D:7      | Noticed a centaur warrior
  6677 | D:7      | Killed a centaur warrior
  6677 | D:7      | Reached ** piety under Sif Muna
  7272 | D:7      | Identified Qeguth's Incunabulum of the Destructive
                  | Frostbite (Sif Muna gifted it to you on level 7 of the
                  | Dungeon)
  7272 | D:7      | Received a gift from Sif Muna
  7272 | D:7      | Reached skill level 9 in Fire Magic
  7474 | D:7      | Noticed Prince Ribbit
  7477 | D:7      | Killed Prince Ribbit
  7484 | D:7      | Reached XP level 10. HP: 45/50 MP: 0/23
  7781 | D:7      | Found Obiy's Distillery.
  7888 | D:7      | Found a staircase to the Lair.
  8083 | D:8      | Reached *** piety under Sif Muna
  8264 | D:7      | Learned a level 2 spell: Searing Ray
  8271 | D:8      | Identified Sif Muna's Foundations of Wizardry (Sif Muna
                  | gifted it to you on level 8 of the Dungeon)
  8271 | D:8      | Received a gift from Sif Muna
  8877 | D:8      | Reached skill level 10 in Spellcasting
  9342 | D:9      | Reached XP level 11. HP: 54/54 MP: 9/27
  9545 | D:9      | Reached skill level 10 in Fire Magic
  9896 | D:9      | Noticed a green ugly thing
  9902 | D:9      | Killed a green ugly thing
  9902 | D:9      | Identified Sif Muna's Disquisition on Damage Dealing (Sif
                  | Muna gifted it to you on level 9 of the Dungeon)
  9902 | D:9      | Received a gift from Sif Muna
  9979 | D:9      | Noticed a manticore
 10119 | D:8      | Killed a manticore
 10207 | D:9      | Reached skill level 11 in Fire Magic
 10809 | D:9      | Learned a level 3 spell: Ignite Poison
 10813 | D:9      | Learned a level 3 spell: Mephitic Cloud
 10818 | D:9      | Learned a level 4 spell: Throw Icicle
 11112 | D:9      | Found Wuru's Book Boutique.
 11383 | D:10     | Entered Level 10 of the Dungeon
 11559 | D:10     | Noticed a two-headed ogre
 11564 | D:10     | Killed a two-headed ogre
 11798 | D:10     | Noticed a cyclops
 11801 | D:10     | Killed a cyclops
 11801 | D:10     | Reached **** piety under Sif Muna
 11801 | D:10     | Reached skill level 12 in Fire Magic
 11817 | D:10     | Noticed a centaur warrior
 11820 | D:10     | Killed a centaur warrior
 11820 | D:10     | Reached skill level 1 in Fighting
 11928 | D:10     | Noticed a manticore
 11940 | D:10     | Killed a manticore
 11940 | D:10     | Identified Meitaah's Incunabulum of Excruciating
                  | Malediction (Sif Muna gifted it to you on level 10 of the
                  | Dungeon)
 11940 | D:10     | Received a gift from Sif Muna
 12024 | D:10     | Learned a level 6 spell: Bolt of Fire
 12461 | D:10     | Reached XP level 12. HP: 64/64 MP: 20/30
 12669 | D:10     | Noticed a centaur warrior
 12674 | D:10     | Killed a centaur warrior
 12766 | D:10     | Reached skill level 5 in Fighting
 13531 | D:11     | Noticed a centaur warrior
 13534 | D:11     | HP: 1/68 [centaur warrior/arrow (8)]
 13535 | D:11     | Killed a centaur warrior
 13663 | D:11     | Noticed a centaur warrior
 13665 | D:11     | Killed a centaur warrior
 14168 | D:11     | Found Haxiaseg's Jewellery Emporium.
 14176 | D:11     | Bought an uncursed ring of poison resistance for 340 gold
                  | pieces
 14212 | D:11     | Noticed a vault guard
 14217 | D:11     | Killed a vault guard
 14450 | D:11     | Found a gate to the Vaults.
 14548 | D:11     | Noticed a two-headed ogre
 14550 | D:11     | Killed a two-headed ogre
 14785 | D:11     | Found a staircase to the Orcish Mines.
 14804 | D:11     | Noticed a seven-headed hydra
 14944 | D:11     | Killed a seven-headed hydra
 14944 | D:11     | Reached XP level 13. HP: 61/82 MP: 0/31
 14955 | D:11     | Found Dibiepime's Armour Shop.
 14957 | D:11     | Reached skill level 10 in Fighting
 15348 | D:12     | Entered Level 12 of the Dungeon
 15549 | Lair:1   | Entered Level 1 of the Lair of Beasts
 15567 | Lair:1   | Found a frozen archway.
 15629 | IceCv    | Entered an ice cave
 16978 | Lair:1   | Noticed Harold
 17041 | Lair:1   | Killed Harold
 17041 | Lair:1   | Received a gift from Sif Muna
 17041 | Lair:1   | Reached skill level 5 in Dodging
 17397 | Lair:1   | Noticed Fannar
 17399 | Lair:1   | Killed Fannar
 18431 | Lair:2   | Found a staircase to the Snake Pit.
 18479 | Lair:2   | Reached skill level 1 in Evocations
 19076 | Lair:3   | Identified Thaumaturgy 101
 19265 | Lair:3   | Reached skill level 15 in Conjurations
 19611 | Lair:3   | Found the +8 longbow "Zephyr" {speed, Dex+3 SInv}
 19615 | Lair:3   | Reached ***** piety under Sif Muna
 20023 | Lair:3   | Reached skill level 13 in Fire Magic
 20023 | Lair:3   | Reached XP level 14. HP: 88/88 MP: 8/33
 20039 | Lair:3   | Reached skill level 1 in Invocations
 20043 | Lair:3   | Found a radiant altar of Vehumet.
 20385 | Lair:3   | Found a staircase to the Swamp.
 20599 | Lair:3   | Learned a level 7 spell: Orb of Destruction
 20924 | Lair:4   | Noticed Nessos
 21051 | Lair:4   | Killed Nessos
 21287 | Lair:4   | Found a bloodstained altar of Trog.
 22510 | Lair:5   | Found a viscous altar of Jiyva.
 22511 | Lair:5   | Found a staircase to the Slime Pits.
 22758 | Lair:5   | Reached skill level 5 in Evocations
 23295 | Lair:5   | Reached skill level 10 in Dodging
 23502 | Lair:6   | Entered Level 6 of the Lair of Beasts
 23612 | Lair:6   | Reached skill level 5 in Invocations
 23875 | Lair:6   | Received a gift from Sif Muna
 24921 | Lair:6   | Got a pitted ring mail
 24953 | Lair:6   | Identified the +1 ring mail "Zahupah" {rPois} (You found it
                  | on level 6 of the Lair of Beasts)
 25014 | Lair:6   | Noticed a dire elephant
 25020 | Lair:6   | Killed a dire elephant
 25119 | Lair:6   | Noticed a dire elephant
 25119 | Lair:6   | Noticed a dire elephant
 25128 | Lair:6   | Killed a dire elephant
 25129 | Lair:6   | Killed a dire elephant
 25159 | Lair:6   | Got a vibrating lead ring
 25289 | Lair:6   | Noticed a dire elephant
 25292 | Lair:6   | Killed a dire elephant
 25380 | Lair:6   | Reached XP level 15. HP: 92/92 MP: 11/34
 25645 | Lair:5   | Identified the ring "Onerhu" {*Tele rN+ Dex+4 Slay-2} (You
                  | found it on level 6 of the Lair of Beasts)
 25740 | Swamp:1  | Entered Level 1 of the Swamp
 26536 | Swamp:1  | HP: 4/92 [six-headed hydra (1)]
 26536 | Swamp:1  | HP: 1/92 [six-headed hydra (3)]
 27417 | Swamp:1  | Reached skill level 14 in Fire Magic
 27801 | Swamp:1  | Upgraded the game from bcrawl-1.19-7-g22fd707d3b to
                  | bcrawl-1.19.1
 28328 | Swamp:2  | Found a runed translucent gate.
 28328 | Swamp:2  | Found a runed translucent gate.
 28328 | Swamp:2  | Found a runed translucent gate.
 28328 | Swamp:2  | Noticed Ratty's ghost (journeyman MiAc)
 28631 | Swamp:2  | Identified Sif Muna's Compendium of the Rocks and
                  | Transformation (Sif Muna gifted it to you on level 2 of the
                  | Swamp)
 28631 | Swamp:2  | Received a gift from Sif Muna
 28639 | Swamp:2  | Learned a level 5 spell: Irradiate
 29304 | Swamp:2  | Noticed a thorn hunter
 29306 | Swamp:2  | Killed a thorn hunter
 29426 | Swamp:2  | Noticed Frances
 29443 | Swamp:2  | Killed Frances
 29600 | Swamp:3  | Entered Level 3 of the Swamp
 29600 | Swamp:3  | Noticed Donald
 29603 | Swamp:3  | Killed Donald
 29609 | Swamp:3  | Reached XP level 16. HP: 99/99 MP: 9/35
 29638 | Swamp:3  | Noticed Aizul
 29668 | Swamp:3  | Killed Aizul
 29962 | Swamp:2  | Reached skill level 15 in Fire Magic
 30429 | Swamp:3  | Noticed a thorn hunter
 30436 | Swamp:3  | Killed a thorn hunter
 30635 | Swamp:3  | Got a pitted hand crossbow
 31003 | Swamp:3  | Identified Sif Muna's Catalogue of Blows and Bruises (Sif
                  | Muna gifted it to you on level 3 of the Swamp)
 31003 | Swamp:3  | Received a gift from Sif Muna
 31378 | Swamp:3  | Reached skill level 16 in Fire Magic
 31388 | Swamp:3  | Identified the +1 hand crossbow "Dragon's Tongue" {speed,
                  | Dex+4 Stlth+} (You found it on level 3 of the Swamp)
 31720 | Swamp:3  | Got a decaying rune of Zot
 31854 | Snake:1  | Entered Level 1 of the Snake Pit
 31861 | Snake:1  | Learned a level 5 spell: Bolt of Magma
 31870 | Snake:1  | Learned a level 8 spell: Ignition
 32408 | Snake:1  | Reached skill level 10 in Evocations
 33200 | Snake:1  | Reached XP level 17. HP: 104/104 MP: 24/36
 33313 | Snake:1  | Identified Sif Muna's Grimoire of Virous Flight (Sif Muna
                  | gifted it to you on level 1 of the Snake Pit)
 33313 | Snake:1  | Received a gift from Sif Muna
 33313 | Snake:1  | Reached skill level 10 in Invocations
 33404 | Snake:1  | Noticed Rupert
 33410 | Snake:1  | Killed Rupert
 33710 | Snake:2  | Reached skill level 17 in Fire Magic
 34127 | Snake:2  | Found a gateway to a bazaar.
 34168 | Bazaar   | Entered a bazaar
 34182 | Bazaar   | Found Kousiaf's Antique Weapon Shoppe.
 34182 | Bazaar   | Found Koateliori's Armour Emporium.
 34203 | Bazaar   | Found Viothruf's Jewellery Shoppe.
 34203 | Bazaar   | Found Karemalu's Antique Weapon Emporium.
 34213 | Bazaar   | Bought a faintly glowing double sword for 360 gold pieces
 34213 | Bazaar   | Identified the +5 double sword of Buga {holy, Str+5 Int-3
                  | Dex+10} (You bought it in a shop in a bazaar)
 34230 | Bazaar   | Found Ziaghi's Gadget Shoppe.
 34230 | Bazaar   | Found Wuneb's Assorted Antiques.
 34275 | Bazaar   | Bought a dented amethyst amulet for 185 gold pieces
 34289 | Bazaar   | Bought an uncursed amulet of the acrobat for 210 gold
                  | pieces
 34349 | Snake:2  | Found Samut's Gadget Shop.
 34349 | Snake:2  | Found Toru Xei's Gadget Boutique.
 34942 | Snake:3  | Entered Level 3 of the Snake Pit
 35371 | Snake:3  | Reached skill level 18 in Fire Magic
 35697 | Snake:3  | Found a runed translucent door.
 35697 | Snake:3  | Found a shimmering altar of Xom.
 35697 | Snake:3  | Identified the +7 scythe of Experimentation {chaos,
                  | *Corrode Str+4 SInv Stlth+}
 35697 | Snake:3  | Noticed Akuuror's ghost (adept GrFi)
 35715 | Snake:3  | Received a gift from Sif Muna
 35740 | Snake:3  | Quit the game

Skill      XL: |  1  2  3  4  5  6  7  8  9 10 11 12 13 14 15 16 17 |
---------------+----------------------------------------------------+-----
Conjurations   | 2 3 5 6 7 10 12 14 15 | 15.1
Spellcasting   | 3 4 5 7 10 12 13 | 13.8
Fire Magic     | 4 5 6 8 9 12 13 14 16 18 | 18.6
Fighting       | 2 9 10 11 | 11.0
Dodging        | 7 10 11 | 11.4
Evocations     | 2 6 8 10 | 10.0
Invocations    | 6 7 9 10 | 10.0
Stealth        | |  2.1

Action                   |  1- 3 |  4- 6 |  7- 9 | 10-12 | 13-15 | 16-18 || total
-------------------------+-------+-------+-------+-------+-------+-------++-------
Melee: Unarmed           |     2 |       |       |       |       |       ||     2
       Dagger            |     2 |       |    27 |     2 |       |       ||    31
 Fire: Fustibalus        |       |       |       |    50 |   130 |    66 ||   246
Throw: Stone             |     1 |     2 |     3 |     8 |       |       ||    14
 Cast: Flame Tongue      |    79 |   108 |    89 |    51 |     2 |       ||   329
       Conjure Flame     |       |     2 |       |       |       |       ||     2
       Fireball          |       |     1 |    43 |   118 |   152 |   188 ||   502
       Sticky Flame      |       |       |     8 |    44 |    24 |       ||    76
       Searing Ray       |       |       |       |     2 |     1 |       ||     3
       Bolt of Fire      |       |       |       |    31 |   221 |    50 ||   302
       Throw Icicle      |       |       |       |     5 |    21 |     5 ||    31
       Orb of Destructio |       |       |       |       |     1 |       ||     1
       Irradiate         |       |       |       |       |     3 |    20 ||    23
       Bolt of Magma     |       |       |       |       |       |    17 ||    17
       Ignition          |       |       |       |       |       |     4 ||     4
Invok: Divine Energy     |       |       |     1 |       |       |     5 ||     6
       Forget Spell      |       |       |       |       |     1 |       ||     1
       Channel Magic     |       |       |       |       |       |    12 ||    12
       Stop Divine Energ |       |       |       |       |       |     5 ||     5
 Abil: Fly               |       |       |     1 |       |       |       ||     1
  Use: Scroll            |       |       |    10 |     1 |    33 |     6 ||    50
       Potion            |       |       |       |     1 |     2 |     3 ||     6
  Eat: Chunk             |     1 |     7 |    17 |    30 |    51 |    23 ||   129
       Ration            |       |       |     2 |     2 |     9 |     3 ||    16
Armor: Robe              |     4 |     6 |    14 |    23 |    26 |    24 ||    97
Dodge: Dodged            |    32 |    19 |    44 |   114 |   131 |   112 ||   452
